AoeStats
← MochiCochi

Arena

509759683Analyzed
2v2 RM · 5d ago on Sep 27, 2026· 77m 28s· 4 players
Game mode
Random Map
Map size
Medium (4 player)
Population
200
Speed
Normal
Resources
Standard
Victory
Conquest
Starting age
Dark Age
Ending age
Imperial Age
RankedLock teamsTeams togetherTeam positionsShared explorationLock speedFull tech treeHidden civsTurbo modeCheats
Victory
Defeat
🇦🇷 Varangians · Argentina
1167
+11
🇦🇷 Khmer · Argentina
935
+21
🇮🇹 Varangians · Italy
1049
-16
🇮🇹 Franks · Italy
1049
-16
GibbyPompiere
11:12 Feudal Age
9:28 Loom
11:39 Double-Bit Axe
17:40 Castle Age
18:44 Bow Saw
42:38 Imperial Age
41:56 Fletching
42:07 Padded Archer Armor
47:25 Gold Mining
47:59 Cavalier
51:06 Pikeman
53:52 Paladin
55:15 Forging
58:05 Iron Casting
57:37 Scale Barding Armor
57:32 Bodkin Arrow
57:53 Leather Archer Armor
60:13 Man-at-Arms
60:55 Long Swordsman
61:25 Long Swordsman
62:10 Scale Mail Armor
63:11 Blast Furnace
63:11 Murder Holes
62:45 Two-Handed Swordsman
64:58 Champion
68:23 Chemistry
70:58 Halberdier
battsimo99
9:47 Feudal Age
10:40 Double-Bit Axe
14:22 Loom
17:25 Castle Age
16:07 Horse Collar
16:19 Gold Mining
19:44 Bow Saw
20:26 Wheelbarrow
20:00 Heavy Plow
30:22 Imperial Age
29:38 Forging
29:34 Scale Barding Armor
30:31 Squires
31:04 Capped Ram
33:02 Iron Casting
37:43 Conscription
40:03 Blast Furnace
39:06 Scale Mail Armor
43:52 Pikeman
46:09 Chain Mail Armor
47:03 Crop Rotation
46:07 Halberdier
47:17 Chain Barding Armor
47:45 Elite Jarl
49:18 Siege Ram
54:08 Plate Mail Armor
54:30 Plate Barding Armor
57:36 Two-Man Saw
MochiCochi
10:05 Feudal Age
14:25 Castle Age
14:21 Double-Bit Axe
14:22 Horse Collar
16:43 Loom
22:49 Bow Saw
25:22 Wheelbarrow
27:00 Fletching
28:08 Husbandry
29:12 Bloodlines
34:50 Scale Barding Armor
48:29 Heavy Plow
52:30 Hand Cart
56:14 Imperial Age
54:37 Tusk Swords
55:43 Gold Mining
58:18 Conscription
58:02 Double Crossbow
58:51 Crop Rotation
59:04 Gold Shaft Mining
59:24 Heavy Scorpion
59:26 Elite Battle Elephant
61:13 Ballistics
61:58 Chemistry
61:15 Forging
61:34 Chain Barding Armor
61:14 Light Cavalry
63:26 Town Watch
64:07 Hussar
65:39 Plate Barding Armor
65:46 Bodkin Arrow
SantiSICK7
9:59 Feudal Age
10:25 Double-Bit Axe
15:08 Castle Age
14:32 Scale Barding Armor
17:00 Forging
19:57 Horse Collar
23:55 Scale Mail Armor
24:19 Bloodlines
28:11 Chain Barding Armor
27:54 Husbandry
28:26 Heavy Plow
30:03 Wheelbarrow
29:14 Light Cavalry
32:56 Hand Cart
32:29 Loom
34:07 Iron Casting
34:12 Chain Mail Armor
38:04 Imperial Age
35:43 Squires
37:56 Bow Saw
37:38 Gold Mining
37:29 Pikeman
37:55 Arson
38:04 Town Watch
38:12 Cavalier
39:29 Crop Rotation
40:01 Two-Man Saw
38:59 Elite Varangian Guard
40:12 Plate Mail Armor
41:57 Gothikon
45:24 Heavy Scorpion
47:22 Plate Barding Armor
47:19 Siege Engineers
47:42 Conscription
46:44 Vendel Legacy
47:32 Stone Mining
52:03 Blast Furnace
50:51 Gambesons
52:26 Hussar
52:33 Halberdier
55:48 Chemistry
70:09 Caravan
Connection lost

Rejoining the realm…

Still unreachable

The connection could not be restored.

Session expired

The server has moved on; the page needs a fresh start.